 Dungeon Crawl Stone Soup version 0.23.1 (webtiles) character file.

Game seed: 11610628639385795582

331 Yunesin the Ruffian (level 6, 0/43 HPs)
             Began as an Octopode Berserker on Mar 14, 2019.
             Was a Believer of Trog.
             Slain by Crazy Yiuf
             ... wielding a +4 quarterstaff of chaos
              (15 damage)
             ... on level 2 of the Dungeon.
             The game lasted 00:04:00 (2250 turns).

Yunesin the Ruffian (Octopode Berserker)            Turns: 2250, Time: 00:04:00

Health: 0/43       AC:  1    Str: 16    XL:     6   Next: 52%
Magic:  15/15      EV: 15    Int: 10    God:    Trog [**....]
Gold:   220        SH:  0    Dex: 13    Spells: 5/5 levels left

rFire    . . .     SeeInvis .     - Unarmed
rCold    . . .     Gourm    .   (no shield)
rNeg     . . .     Faith    .   (helmet restricted)
rPois    .         Spirit   .   (no amulet)
rElec    .         Reflect  .   f - ring of magical power
rCorr    .         Harm     .   (no ring)
MR       .....                  (no ring)
Stlth    ++........             (no ring)
HPRegen  0.14/turn              (no ring)
MPRegen  0.14/turn              (no ring)
                                (no ring)
                                (no ring)

@: no status effects
A: almost no armour, stealthy swim, amphibious, 8 rings, constrict 8, camouflage
1, gelatinous body 1
a: Berserk, Trog's Hand, Renounce Religion


You were on level 2 of the Dungeon.
You worshipped Trog.
Trog was pleased with you.
You were not hungry.

You visited 1 branch of the dungeon, and saw 2 of its levels.

You collected 220 gold pieces.

Inventory:

Jewellery
 f - a ring of magical power (left tentacle)
Scrolls
 g - a scroll of noise {unknown}
 h - 3 scrolls of identify {unknown}
 i - a scroll of teleportation {unknown}
 j - a scroll of immolation {unknown}
Potions
 c - 3 potions of brilliance {unknown}
 d - a potion of degeneration {unknown}
 e - 2 potions of agility {unknown}
Comestibles
 a - 3 rations


   Skills:
 + Level 4.1 Fighting
 * Level 5.0 Dodging
 * Level 5.0 Unarmed Combat


You had 5 spell levels left.
You didn't know any spells.
Your spell library was empty.

Dungeon Overview and Level Annotations

Branches:
Dungeon (2/15)

Altars:

Annotations:
D:2 Crazy Yiuf


Innate Abilities, Weirdness & Mutations

You cannot wear most types of armour.
You are very stealthy in the water. (Stealth+)
You are amphibious.
You can wear up to eight rings at the same time.
You can use your tentacles to constrict eight enemies at once.
Your skin changes colour to match your surroundings (Stealth+).
Your rubbery body absorbs attacks. (AC +1, EV +1)


Message History

Crazy Yiuf shouts!
You open the door. You closely miss Crazy Yiuf. Your grab misses Crazy Yiuf.
You tentacle-slap Crazy Yiuf.
Crazy Yiuf is lightly wounded.
Crazy Yiuf hits you with a +4 quarterstaff of chaos!
Crazy Yiuf freezes you.
You tentacle-slap Crazy Yiuf but do no damage.
You grab Crazy Yiuf. You squeeze Crazy Yiuf.
Crazy Yiuf is moderately wounded.
You constrict Crazy Yiuf, but do no damage.
Crazy Yiuf flaps his cloak.
Crazy Yiuf hits you with a +4 quarterstaff of chaos!
Crazy Yiuf draws strength from your wounds!
You tentacle-slap Crazy Yiuf.
Crazy Yiuf is moderately wounded.
You constrict Crazy Yiuf, but do no damage.
Crazy Yiuf hits you with a +4 quarterstaff of chaos!
You are electrocuted!
You die...

#####.###. #....##
## #.###.###. #.#
##.#.# #.#####.##
###♣♣♣♣♣ #.........
##....♣.♣♣♣ ###
####....##
##......♣..♣#...#
#......
#......♣♣♣♣@g...#
####..###. #.....♣♣
♣♣#..)# #.÷...###.
#.###♣♣ ###
#.......#. #.#
#...#.#.#. #.#
#......... #.#
####..#.#.#. #.#
#########.##......#.
#.#
#............##.###.
#.#
#.#######...........


You could see Crazy Yiuf.

Vanquished Creatures
  Sigmund (D:2)
  Natasha (twice) (D:2)
  A worker ant (D:2)
  6 adders (D:2)
  A worm (D:2)
  3 dart slugs
  A leopard gecko (D:1)
  3 orcs (D:2)
  6 bats
  A goblin (D:1)
  7 hobgoblins
  2 jackals (D:2)
  A quokka (D:2)
  4 frilled lizards
  5 kobolds
  6 rats
50 creatures vanquished.

Vanquished Creatures (others)
  4 toadstools (D:2)
4 creatures vanquished.

Grand Total: 54 creatures vanquished

Notes
Turn   | Place    | Note
-------+----------+-------------------------------------------
     0 | D:1      | Yunesin the Octopode Berserker began the quest for the Orb.
     0 | D:1      | Reached XP level 1. HP: 16/16 MP: 1/1
   277 | D:1      | Reached XP level 2. HP: 21/21 MP: 2/2
   786 | D:2      | Reached XP level 3. HP: 26/26 MP: 3/3
  1169 | D:2      | Reached ** piety under Trog
  1204 | D:2      | Reached XP level 4. HP: 22/31 MP: 4/4
  1618 | D:2      | Noticed Natasha
  1625 | D:2      | Killed Natasha
  1625 | D:2      | Reached XP level 5. HP: 27/36 MP: 5/5
  1625 | D:2      | Noticed Natasha
  1634 | D:2      | Killed Natasha
  2109 | D:2      | Noticed Sigmund
  2113 | D:2      | Killed Sigmund
  2113 | D:2      | Reached skill level 5 in Dodging
  2113 | D:2      | Reached skill level 5 in Unarmed Combat
  2113 | D:2      | Reached XP level 6. HP: 34/43 MP: 6/6
  2141 | D:2      | Found a runed translucent door.
  2142 | D:2      | Noticed Crazy Yiuf
  2250 | D:2      | Slain by Crazy Yiuf

Skill      XL: |  1  2  3  4  5 |
---------------+----------------+-----
Dodging        | 4 5 |  5.0
Unarmed Combat | 4 5 |  5.0
Fighting       | 4 |  4.1

Action                   |  1- 3 |  4- 6 || total
-------------------------+-------+-------++-------
Melee: Unarmed           |    52 |    57 ||   109
       Constrict         |    16 |    14 ||    30
       Tentacles         |     9 |    16 ||    25
       Punch             |     3 |     5 ||     8
Invok: Berserk           |       |     1 ||     1
 Stab: Sleeping          |     7 |     3 ||    10
  Eat: Chunk             |     1 |     4 ||     5
Armor: Skin              |     3 |     5 ||     8
Dodge: Dodged            |    26 |    30 ||    56
